 Dungeon Crawl Stone Soup version 0.29-a0-392-g297d3b089c (webtiles) character file.

Game seed: 10413054546619780162

92 spaghetti the Covert (level 4, 0/31 HPs)
             Began as an Octopode Delver on May 8, 2022.
             Slain by a gnoll
             ... wielding a +0 flail
              (4 damage)
             ... on level 2 of the Dungeon.
             The game lasted 00:04:18 (2055 turns).

spaghetti the Covert (Octopode Delver)              Turns: 2055, Time: 00:04:19

Health: 0/31       AC:  1    Str: 11    XL:     4   Next: 60%
Magic:  4/4        EV: 13    Int: 12    God:
Gold:   112        SH:  0    Dex: 15    Spells: 3/3 levels left

rFire   . . .      SeeInvis .   a - +0 falchion {long}
rCold   . . .      Faith    .   (no shield)
rNeg    . . .      Spirit   .   (helmet restricted)
rPois   .          Reflect  .   (no amulet)
rElec   .          Harm     .   (no ring)
rCorr   .          Rampage  .   (no ring)
Will    .....                   (no ring)
Stlth   +++++.....              (no ring)
HPRegen 0.10/turn               (no ring)
MPRegen 0.09/turn               (no ring)
                                (no ring)
                                (no ring)

@: no status effects
A: almost no armour, amphibious, 8 rings, camouflage 1, gelatinous body 1,
(nimble swimmer 1), tentacles
a: no special abilities


You were on level 2 of the Dungeon.
You visited 1 branch of the dungeon, and saw 5 of its levels.

You collected 112 gold pieces.


Innate Abilities, Weirdness & Mutations

You cannot wear most types of armour.
You are amphibious.
You can wear up to eight rings at the same time.
Your skin changes colour to match your surroundings (Stealth+).
Your rubbery body absorbs attacks. (AC +1, EV +1)
((You are camouflaged when in or above water. (Stealth+)))
You have tentacles for arms and can constrict up to eight enemies at once.


   Skills:
 - Level 3.0 Fighting
 - Level 2.0 Long Blades
 - Level 2.0 Dodging
 + Level 9.1 Stealth


You had 3 spell levels left.
You didn't know any spells.
Your spell library contained the following spells:

 Spells                   Type           Power      Damage    Failure   Level
 Magic Dart               Conj           0%         1d3       32%         1
 Call Imp                 Summ           0%         N/A       45%         2
 Mephitic Cloud           Conj/Pois/Air  0%         N/A       69%         3
 Stone Arrow              Conj/Erth      0%         3d7       69%         3
 Lehudib's Crystal Spear  Conj/Erth      0%         10d2      100%        8
 Animate Armour           Summ/Erth      Unusable   N/A       N/A         4

Inventory:

Hand Weapons
 a - a +0 falchion (weapon) {long}
Missiles
 d - 3 boomerangs {throwing}
 k - 24 stones (quivered) {throwing}
Magical Staves
 l - a staff of fire {!astaff}
   (You found it on level 1 of the Dungeon)
Wands
 f - a wand of digging (3)
Scrolls
 b - a scroll of summoning {unknown}
 c - a scroll of magic mapping {!r}
 g - 2 scrolls of teleportation {unknown}
 h - a scroll of amnesia {unknown}
 i - a scroll of brand weapon {unknown}
 j - a scroll of vulnerability {unknown}
 m - a scroll of identify {unknown}
Potions
 e - a potion of haste {@q3}

Dungeon Overview and Level Annotations

Branches:
Dungeon (5/15)
 Temple: D:4-7

Altars:

Shops:
D:1 [

Annotations:
D:4 1 exclusion
D:5 1 exclusion, Grinder

############## ###########
#............# #..........
#............# #..........
#.......)....# #..........
#........g@...###..........
#.#.......#K#..............
# #.#####.#....##..........
#. #.#....###.######## #>
..#....# #.# .......#
#.######## .#.##...#
#......... ##..##.##
####.....# #......#
####.....#


You could see a gnoll and a kobold.


Message History

You are too injured to fight recklessly!
You are too injured to fight recklessly!
You are too injured to fight recklessly!
You are too injured to fight recklessly!
You are too injured to fight recklessly!
You are too injured to fight recklessly!
You are too injured to fight recklessly!
You are too injured to fight recklessly!
Unknown command.
You barely miss the kobold. Your grab misses the kobold.
The kobold misses you. 😕 HP[+1]
You closely miss the kobold. You grab the kobold.
You constrict the kobold, but do no damage.
The kobold closely misses you.
A goblin comes into view. It is wielding a +0 club.
The goblin shouts!
You hit the kobold but do no damage. You constrict the kobold.
The kobold struggles to escape constriction.
You slash the kobold!
You kill the kobold!
You hit the kobold but do no damage. You grab the kobold.
You constrict the kobold. The kobold hits you with a +0 whip.
The kobold closely misses you. 😕 HP[-3]
You take 3 damage, and now have 26/31 hp.
You barely miss the kobold. You squeeze the kobold. You constrict the kobold.
You kill the kobold!
The goblin hits you with a +0 club.
Things that are here:
a +0 whip {mace}; a +0 whip {mace}; an adder corpse 😮 HP[-5]
You take 5 damage, and now have 21/31 hp.
You hit the goblin. You grab the goblin. You squeeze the goblin.
You kill the goblin!
k - 21 stones {throwing} (gained 1)
Things that are here:
a +0 club {mace}; a goblin corpse 😮 HP[+1]
A giant cockroach comes into view. 😕 HP[+4]
You regained 4 hp, and now have 26/31 hp.
A giant cockroach is nearby!
A giant cockroach is nearby!
You see here a +0 club {mace}.
You see here a +0 dagger {short}. 😕 HP[+1]
You hit the giant cockroach.
You kill the giant cockroach!
k - 22 stones {throwing} (gained 1)
You now have 112 gold pieces (gained 6).
k - 23 stones {throwing} (gained 1)
k - 24 stones {throwing} (gained 1) Key pressed, stopping explore.
A gnoll comes into view. It is wielding a +0 flail. 😎 HP[+4]
Your hp is fully restored (31).
A gnoll comes into view. It is wielding a +0 club.
A gnoll comes into view. It is wielding a +0 spear.
The gnoll shouts!
Found a stone staircase leading down.
The gnoll shouts!
A kobold comes into view. It is wielding a +0 club.
The gnoll attacks as you move away! The gnoll closely misses you.
The kobold shouts!
You hit the gnoll. You grab the gnoll. You squeeze the gnoll!
You kill the gnoll!
The gnoll hits you from afar with a +0 spear! 😮 HP[-8]
You take 8 damage, and now have 23/31 hp.
MASSIVE DAMAGE!! (PAUSE)
The gnoll hits you with a +0 spear.
You see here a +0 club {mace}. 😮 HP[-5]
You take 5 damage, and now have 18/31 hp.
You hit the gnoll. Your grab misses the gnoll. The gnoll closely misses you.
The gnoll barely misses you.
You hit the gnoll. You grab the gnoll. You constrict the gnoll.
The gnoll completely misses you.
You hit the gnoll. You squeeze the gnoll.
You kill the gnoll!
The kobold misses you.
Your Stealth skill increases to level 9!
You hit the gnoll. You grab the gnoll.
You constrict the gnoll, but do no damage.
The gnoll hits you with a +0 flail!
* * * LOW HITPOINT WARNING * * *
The kobold closely misses you. 😨 HP[-10]
You take 10 damage, and now have 8/31 hp.
MASSIVE DAMAGE!! (PAUSE) Unknown command.
You hit the gnoll. You constrict the gnoll. The kobold hits you with a +0 club.
* * * LOW HITPOINT WARNING * * *
The gnoll closely misses you. 😱 HP[-1]
You take 1 damage, and now have 7/31 hp.
You hit the gnoll. You constrict the gnoll. The kobold hits you with a +0 club.
* * * LOW HITPOINT WARNING * * *
The gnoll closely misses you. The gnoll hits you with a +0 flail.
You die...

Skill      XL: |  1  2  3  4 |
---------------+-------------+-----
Stealth        | 7 8 9 |  9.1
Fighting       | |  3.0
Long Blades    | |  2.0
Dodging        | |  2.0

Action                   |  1- 3 |  4- 6 || total
-------------------------+-------+-------++-------
Melee: Falchion          |    56 |    18 ||    74
       Constrict         |    10 |     7 ||    17
       Tentacles         |     7 |     4 ||    11
       Punch             |     1 |       ||     1
Throw: Javelin           |     2 |       ||     2
       Stone             |     1 |     6 ||     7
  Use: Scroll            |     2 |       ||     2
       Potion            |     1 |       ||     1
 Stab: Sleeping          |     8 |       ||     8
Armor: Skin              |     7 |       ||     7
Dodge: Dodged            |    48 |    11 ||    59

Levels and vault maps discovered:
D:1:      heliophobic_arrival_enchanted_forest, layout_basic, serial_shops, shop
D:2:      layout_basic, serial_forest, infiniplex_forest_pool,
          infiniplex_forest_straight_5, infiniplex_forest_straight_4,
          infiniplex_forest_3_way, infiniplex_forest_lined_3,
          infiniplex_forest_end_2
D:3:      layout_basic, shapermc_ecumenical_altar_acropolis,
          minmay_misc_feat_chi
D:4:      layout_loops_corners, minmay_temple_entry_mini_moons
D:5:      layout_loops_ring, mainiacjoe_overflow_chevrons,
          minmay_a_box_with_orc_wizards_in_it, uniq_grinder, uniq_prince_ribbit1

Notes
Turn   | Place    | Note
-------+----------+-------------------------------------------
     0 | D:5      | spaghetti the Octopode Delver began the quest for the Orb.
     0 | D:5      | Reached XP level 1. HP: 16/16 MP: 1/1
     0 | D:5      | magus.rc [v1.9.6]
   115 | D:5      | Noticed Grinder
   153 | D:5      | Noticed a hound
   170 | D:4      | You pick up a book of Armaments and begin reading...
   170 | D:4      | You add the spells Stone Arrow and Lehudib's Crystal Spear
                  | to your library.
   341 | D:4      | Noticed an orc wizard
   343 | D:4      | Noticed an orc priest
   368 | D:4      | HP: 3/16 [jackal (3)]
   368 | D:4      | HP: 1/16 [jackal (2)]
   387 | D:3      | Reached skill level 7 in Stealth
   387 | D:3      | Reached XP level 2. HP: 12/21 MP: 2/2
   834 | D:1      | Reached XP level 3. HP: 26/26 MP: 3/3
   850 | D:1      | Found Emojyp's Armour Emporium.
   884 | D:1      | You pick up a book of Minor Magic and begin reading...
   884 | D:1      | You add the spells Magic Dart, Call Imp and Mephitic Cloud
                  | to your library.
  1264 | D:1      | Reached skill level 8 in Stealth
  1814 | D:2      | Reached XP level 4. HP: 27/31 MP: 4/4
  2053 | D:2      | Reached skill level 9 in Stealth
  2054 | D:2      | HP: 7/31 [kobold/+0 club (1)]
  2055 | D:2      | Slain by a gnoll

Vanquished Creatures
  2 gnolls (D:2)
  4 adders
  2 dart slugs
  2 bats
  2 giant cockroaches (D:2)
  4 goblins
  2 hobgoblins
  5 jackals
  4 kobolds
  2 quokkas (D:1)
  A ball python (D:1)
  2 frilled lizards (D:1)
  A rat (D:1)
33 creatures vanquished.

Table legend:
 A = Non-vault XP
 B = Vault XP
 C = Vault XP percentage of total XP
 D = Non-vault monster count
 E = Vault monster count
 F = Vault count percentage of total count
                 A         B        C        D         E       F
            +---------+---------+-------+---------+---------+-------
      Total |     132 |       0 |   0.0 |      33 |       0 |   0.0
            +---------+---------+-------+---------+---------+-------
        D:1 |      25 |       0 |   0.0 |      14 |       0 |   0.0
        D:2 |      88 |       0 |   0.0 |      15 |       0 |   0.0
        D:3 |      13 |       0 |   0.0 |       1 |       0 |   0.0
        D:4 |       6 |       0 |   0.0 |       3 |       0 |   0.0
            +---------+---------+-------+---------+---------+-------

Illustrated notes

Table legend:
 A = Kills in this place as a percentage of kills in entire the game.
 B = Kills by you in this place as a percentage of kills by you in the entire game.
 C = Kills by friends in this place as a percentage of kills by friends in the entire game.
 D = Other kills in this place as a percentage of other kills in the entire game.
 E = Experience gained in this place as a percentage of experience gained in the entire game.
 F = Experience gained in this place divided by the number of levels of this place that you have seen.
                   A       B       C       D       E      F
               +-------+-------+-------+-------+-------+----------------------
         Total | 100.0 | 100.0 |   N/A |   N/A | 100.0 |  26.4
       Dungeon | 100.0 | 100.0 |   N/A |   N/A | 100.0 |  26.4
               +-------+-------+-------+-------+-------+----------------------

Table legend: (Time is in decaauts)
 A = Elapsed time spent in this place.
 B = Non-inter-level travel time spent in this place.
 C = Inter-level travel time spent in this place.
 D = Time resting spent in this place.
 E = Time spent auto-exploring this place.
 F = Levels seen in this place.
 G = Mean time per level.
                   A        B        C        D        E       F      G
               +--------+--------+--------+--------+--------+-----+--------+
         Total |   2072 |   2030 |     42 |    633 |   1071 |   5 |  414.4 |
       Dungeon |   2072 |   2030 |     42 |    633 |   1071 |   5 |  414.4 |
               +--------+--------+--------+--------+--------+-----+--------+

Top non-repeatable levels by time:
     D:1: 1002 daAuts
     D:2: 505 daAuts
     D:4: 221 daAuts
     D:3: 181 daAuts
     D:5: 162 daAuts
